 Dungeon Crawl Stone Soup version 0.19-a0-442-g8935a21 (webtiles) character file.

37 Ordine the Changer (level 3, -2/23 HPs)
             Began as an Octopode Transmuter on June 1, 2016.
             Slain by a kobold
             ... wielding a +0 whip
              (3 damage)
             ... on level 2 of the Dungeon.
             The game lasted 00:05:33 (1623 turns).

Ordine the Changer (Octopode Transmuter)            Turns: 1623, Time: 00:05:33

Health: -2/23      AC:  2    Str:  9    XL:     3   Next: 41%
Magic:  3/6        EV: 19    Int: 16    God:
Gold:   52         SH:  0    Dex: 17    Spells: 1 memorised, 3 levels left

rFire  . . .     SeeInvis .       - Unarmed
rCold  . . .     Gourm    .     (shield currently unavailable)
rNeg   . . .     Faith    .     (helmet currently unavailable)
rPois  x         Spirit   .     (no amulet)
rElec  .         Dismiss  .     (no ring)
rCorr  .         Reflect  .     (no ring)
SustAt .         Harm     .     (no ring)
MR     .....                    (no ring)
Stlth  ++........               (no ring)
                                (no ring)
                                (no ring)
                                (no ring)

@: spider-form, not resistant to hostile enchantments, unstealthy
A: almost no armour, (amphibious), 8 rings, (constrict 8), (camouflage 0),
(gelatinous body 0)
a: End Transformation


You were on level 2 of the Dungeon.
You were very hungry.
You were a venomous arachnid creature.
You visited 1 branch of the dungeon, and saw 2 of its levels.

You collected 52 gold pieces.

Inventory:

Missiles
 a - 27 poisoned needles
Scrolls
 d - a scroll of blinking
Potions
 f - a potion of magic
Books
 b - a book of Changes

   Spells                             Type                      Level
   a - Beastly Appendage              Transmutation                1
   b - Sticks to Snakes               Transmutation                2
   c - Spider Form                    Transmutation/Poison         3
   d - Ice Form                       Ice/Transmutation            4
   e - Blade Hands                    Transmutation                5
 h - a book of Dreams

   Spells                             Type                      Level
   a - Ensorcelled Hibernation        Hexes/Ice                    2
   b - Silence                        Hexes/Air                    5
   c - Darkness                       Hexes                        6
   d - Shadow Creatures               Summoning                    6
Comestibles
 c - 4 bread rations


   Skills:
 - Level 1.0 Fighting
 - Level 2.0 Dodging
 + Level 2.0 Stealth
 - Level 3.0 Unarmed Combat
 - Level 2.0 Spellcasting
 * Level 3.3 Transmutations


You had 3 spell levels left.
You knew the following spells:

 Your Spells              Type           Power        Failure   Level  Hunger
b - Spider Form           Tmut/Pois      #.........   56%         3    ###....


Dungeon Overview and Level Annotations

Branches:
Dungeon (2/15)

Altars:


Innate Abilities, Weirdness & Mutations

You cannot wear most types of armour.
((You are amphibious.))
You can wear up to eight rings at the same time.
((You can use your tentacles to constrict eight enemies at once.))
((Your skin changes colour to match your surroundings (Stealth+).))
((Your rubbery body absorbs attacks. (AC +1)))


Message History

You constrict the worm.
You kill the worm!
Your Stealth skill increases to level 2!
The goblin hits you with a club.
* * * LOW HITPOINT WARNING * * *
The kobold hits you with a whip.
* * * LOW HITPOINT WARNING * * *
Casting: Spider Form
Confirm with . or Enter, or press ? or * to list all spells.
You don't know that spell.
Casting: Spider Form
Confirm with . or Enter, or press ? or * to list all spells.
You turn into a venomous arachnid creature.
The goblin closely misses you. The kobold closely misses you.
The goblin closely misses you.
You see here a ring mail.
You hit the goblin.
You kill the goblin!
The kobold hits you with a whip.
You die...

♣♣♣....#####
PP.....########
...............#
#..........>...#
#.##'##........#
# #. #........#
#.#.....$...+
#.......)K#
#........s#
#.######### #. #


You could see a kobold.

Vanquished Creatures
  A worm (D:2)
  A dart slug (D:1)
  2 giant geckos (D:1)
  3 giant cockroaches (D:1)
  3 goblins
  3 hobgoblins
  3 jackals (D:1)
  A quokka (D:2)
  4 bats
  3 giant newts (D:1)
  4 kobolds
  3 rats (D:1)
31 creatures vanquished.

Notes
Turn   | Place    | Note
--------------------------------------------------------------
     0 | D:1      | Ordine the Octopode Transmuter began the quest for the Orb.
     0 | D:1      | Reached XP level 1. HP: 13/13 MP: 3/3
   200 | D:1      | Reached skill level 1 in Stealth
   200 | D:1      | Reached XP level 2. HP: 11/18 MP: 5/5
   587 | D:1      | Reached XP level 3. HP: 1/23 MP: 4/6
  1578 | D:2      | Learned a level 3 spell: Spider Form
  1616 | D:2      | HP: 1/23 [kobold/whip (3)]
  1623 | D:2      | Slain by a kobold

Vault maps used:
D:1:      minmay_arrival_loop, minmay_hedge_maze
D:2:      first_bread, serial_forest, infiniplex_forest_straight_1,
          infiniplex_forest_join, infiniplex_forest_end_1,
          infiniplex_forest_clump_medium, infiniplex_forest_clump_large,
          infiniplex_forest_clump_small, infiniplex_forest_end_3,
          infiniplex_forest_clump_long

Skill      XL: |  1  2  3 |
---------------+----------+-----
Stealth        | 1 2 |  2.0
Transmutations | 3 |  3.3
Fighting       | |  1.0
Dodging        | |  2.0
Unarmed Combat | |  3.0
Spellcasting   | |  2.0

Action                   || total
-------------------------++-------
Melee: Unarmed           ||    72
       Constrict         ||    19
       Tentacles         ||    13
       Punch             ||     2
       Kick              ||     1
 Cast: Beastly Appendage ||     1
       Spider Form       ||     1
  Use: Scroll            ||     7
 Stab: Sleeping          ||     7
  Eat: Chunk             ||     1
Armor: Skin              ||     5
Dodge: Dodged            ||    47
